 Dungeon Crawl Stone Soup version 0.17.1-2-g5865329 (webtiles) character file.

1873 dalore the Basher (level 8, -4/75 HPs)
             Began as a Minotaur Berserker on Feb 12, 2016.
             Was an Elder of Trog.
             Killed from afar by Joseph (20 damage)
             ... with a wand of lightning
             ... on level 7 of the Dungeon on Feb 13, 2016.
             The game lasted 01:04:28 (7265 turns).

dalore the Basher (Minotaur Berserker)              Turns: 7265, Time: 01:04:28

Health: -4/75      AC:  4    Str: 25    XL:     8   Next: 91%
Magic:  7/7        EV: 13    Int:  6    God:    Trog [****..]
Gold:   211        SH:  0    Dex: 12    Spells: 0 memorised, 7 levels left

rFire  . . .     SeeInvis .     w - +0 flail
rCold  . . .     Clarity  .     J - +1 robe "Ruroam" {rCorr Str+3} (curse)
rNeg   . . .     SustAt   +     (no shield)
rPois  .         Gourm    .     (helmet restricted)
rElec  .         Spirit   .     (no cloak)
rCorr  +         Warding  .     b - +0 pair of gloves
rMut   +         Stasis   .     (no boots)
MR     ++...                    K - amulet of resist mutation {rMut, !d}
Stlth  ++........               L - ring of sustain attributes
                                l - +2 ring of intelligence

@: regenerating, very resistant to hostile enchantments, unstealthy
A: retaliatory headbutt, horns 2, camouflage 1
a: Berserk, Trog's Hand, Brothers in Arms, Burn Spellbooks, Renounce Religion


You were on level 7 of the Dungeon.
You worshipped Trog.
Trog was greatly pleased with you.
You were not hungry.

You visited 2 branches of the dungeon, and saw 8 of its levels.
You also visited: Sewer.

You collected 211 gold pieces.

Inventory:

Hand Weapons
 w - a +0 flail (weapon)
   (You found it on level 3 of the Dungeon)
Armour
 b - a +0 pair of gloves (worn)
   (You found it on level 5 of the Dungeon)
 x - a +1 scale mail
   (You took it off an orc on level 3 of the Dungeon)
 B - a +0 chain mail
   (You found it on level 3 of the Dungeon)
 J - the cursed +1 robe "Ruroam" (worn) {rCorr Str+3}
   (You found it on level 6 of the Dungeon)

   It affects your strength (+3).
   It protects you from acid and corrosion.
   It has a curse placed upon it.
Jewellery
 l - a +2 ring of intelligence (left hand)
   (You found it on level 1 of the Dungeon)
 K - an amulet of resist mutation (around neck) {rMut, !d}
   (You found it on level 6 of the Dungeon)
 L - a ring of sustain attributes (right hand)
   (You found it on level 6 of the Dungeon)
Wands
 C - a wand of cold (8)
   (You found it on level 4 of the Dungeon)
 D - a wand of frost (23)
   (You took it off Natasha on level 3 of the Dungeon)
 F - a wand of polymorph (10)
   (You found it on level 4 of the Dungeon)
Scrolls
 c - 2 scrolls of blinking {unknown}
 d - 2 scrolls of noise {unknown}
 e - 2 scrolls of immolation {!r}
 f - 2 scrolls of fear {unknown}
 i - 2 scrolls of fog
 j - a scroll of remove curse {unknown}
 k - 4 scrolls of identify
 m - 2 scrolls of teleportation
 n - a scroll of amnesia {unknown}
 q - 2 scrolls of recharging
 s - a scroll of magic mapping {!r}
 u - a scroll of enchant armour
 v - a scroll of enchant weapon {unknown}
 y - a scroll of random uselessness {unknown}
Potions
 a - 2 potions of magic {unknown}
 h - a potion of might
 o - a potion of agility
 p - a potion of heal wounds {unknown}
 r - a potion of invisibility
 t - a potion of poison {unknown}
Comestibles
 g - a beef jerky
 z - 2 chunks of flesh {@w0}
 A - 6 bread rations {@e1}
 E - 2 meat rations {@e2}
 G - 2 slices of pizza
 H - a royal jelly


   Skills:
 + Level 8.5 Fighting
 + Level 9.0 Maces & Flails
 + Level 7.2 Armour
 + Level 4.4 Dodging


You had 7 spell levels left.
You didn't know any spells.

Dungeon Overview and Level Annotations

Branches:
Dungeon (7/15)             Temple (1/1) D:4

Altars:
Ashenzari
Cheibriados
Dithmenos
Elyvilon
Fedhas
Gozag
Kikubaaqudgha
Makhleb
Nemelex Xobeh
Okawaru
Qazlal
Ru
Sif Muna
Trog
Xom
Yredelemnul
Zin
The Shining One

Shops:
D:6 :

Annotations:
D:7 Joseph, Prince Ribbit


Innate Abilities, Weirdness & Mutations

You reflexively headbutt those who attack you in melee.
You have a pair of horns on your head.
Your skin changes colour to match your surroundings (Stealth).


Message History

MASSIVE DAMAGE!!
You are too injured to fight recklessly!
Drink which item? (? for menu, Esc to quit)
You feel better. Prince Ribbit hits you!
* * * LOW HITPOINT WARNING * * *
You take 5 damage, and have 21/75 hp.
Unknown command.
Prince Ribbit momentarily phases out as your attack passes through him.
You headbutt Prince Ribbit! Prince Ribbit hits you!
* * * LOW HITPOINT WARNING * * *
You take 8 damage, and have 13/75 hp.
You hit Prince Ribbit. You headbutt Prince Ribbit.
Prince Ribbit blinks!
You regained 2 hp, and now have 15/75 hp.
Prince Ribbit blinks!
You regained 5 hp, and now have 23/75 hp.
Prince Ribbit casts a spell.
Prince Ribbit looks slightly unstable.
You feel the effects of Trog's Hand fading.
There is a stone staircase leading up here.
You regained 9 hp, and now have 34/75 hp.
You climb upwards.
Your skin stops crawling.
You feel less resistant to hostile enchantments.
There is a stone staircase leading down here.
You regained 2 hp, and now have 36/75 hp.
You start resting.
Some of the chunks of flesh in your inventory have rotted away.
Eating a chunk of flesh {@w0}.
You continue eating. x2
Health restored: 75 You climb downwards.
Level annotation: Prince Ribbit
There is a stone staircase leading up here.
You open the door.
There is an open door here.
A giant gecko and a giant frog come into view.
The helpless giant frog fails to defend itself.
You hit the giant frog. The giant frog misses you.
The giant frog closely misses you.
You sock the giant frog! You headbutt the giant frog.
The giant frog hits you but does no damage.
You hit the giant frog.
You kill the giant frog!
Trog accepts your kill.
Your Maces & Flails skill increases to level 9!
You sock the giant gecko!
You kill the giant gecko!
Trog accepts your kill.
No target in view!
You see here a giant frog corpse.
You butcher the giant frog corpse.
z - 2 chunks of flesh {@w0} You are alive.
Your movement speed is average.
Your attack speed is average.
Your base attributes are Str 22, Int 4, Dex 12.
You are not resistant to hostile enchantments.
You are unstealthy.
You open the door.
There is an open door here.
You see here an arbalest.
Joseph, a Mercenary comes into view.
He is wielding a quarterstaff.
A hound comes into view.
Joseph shouts!
Joseph unwields an uncursed quarterstaff.
Joseph wields a hunting sling.
Joseph shoots a sling bullet.
The sling bullet hits you!
The hound pauses to sniff the ground.
You see here a sling bullet.
You take 12 damage, and have 63/75 hp.
The hound stops to sniff the ground.
The hound barely misses you. You furiously retaliate!
You headbutt the hound. You barely miss the hound.
Your headbutt misses the hound. The hound barely misses you.
You furiously retaliate!
You headbutt the hound, but do no damage.
Joseph zaps a wand.
The bolt of lightning misses you.
It is a wand of lightning.
Your skin crawls.
You feel resistant to hostile enchantments.
You feel slightly more hungry. The hound bites you but does no damage.
Joseph zaps a wand.
The bolt of lightning hits you! The hound closely misses you.
You furiously retaliate!
You headbutt the hound!
You take 18 damage, and have 45/75 hp.
MASSIVE DAMAGE!!
You are too injured to fight recklessly!
You sock the hound!
You kill the hound!
Trog accepts your kill.
You hit Joseph. You headbutt Joseph, but do no damage.
Joseph closely misses you.
You regained 2 hp, and now have 48/75 hp.
You closely miss Joseph.
Joseph zaps a wand.
The bolt of lightning hits you!
* * * LOW HITPOINT WARNING * * *
You take 33 damage, and have 15/75 hp.
MASSIVE DAMAGE!!
You hit Joseph. You headbutt Joseph.
Joseph zaps a wand.
The bolt of lightning hits you!
You die...

#.# #.# #.# +#
#.#####+##.##
#...........#
#.......?...###.
#..............#
#.....†@.......+
.......@.......#
........(......#
...............#
..........$....#
.............#.#
.$...........# .
.............#
.............##.
........)........


You could see Joseph.

Vanquished Creatures
  Sigmund (D:2)
  2 sky beasts
  Duvessa (D:5)
  A black bear (D:6)
  An ogre (D:6)
  4 big kobolds (Sewer)
  A giant frog (D:7)
  Dowan (D:5)
  A scorpion (D:5)
  A crimson imp (D:6)
  2 quasits
  A hound (D:7)
  2 orc priests
  A centaur skeleton (D:5)
  A giant frog skeleton (D:6)
  3 worker ants
  An orc wizard (D:4)
  Natasha (thrice) (D:3)
  An iguana (D:6)
  A hound skeleton (D:6)
  7 gnolls
  A worker ant zombie (D:5)
  12 adders
  4 river rats (Sewer)
  A shadow imp (D:5)
  4 oozes
  4 worms
  10 giant geckos
  10 orcs
  3 ball pythons
  7 giant cockroaches
  6 hobgoblins
  4 jackals (D:6)
  12 kobolds
  7 bats
  A giant gecko skeleton (D:5)
  6 giant newts
  7 goblins
  4 quokkas
  3 quokka skeletons
  14 rats
157 creatures vanquished.

Vanquished Creatures (others)
  A quokka (D:3)
1 creature vanquished.

Grand Total: 158 creatures vanquished

Notes
Turn   | Place    | Note
--------------------------------------------------------------
     0 | D:1      | dalore the Minotaur Berserker began the quest for the Orb.
     0 | D:1      | Reached XP level 1. HP: 19/19 MP: 0/0
   267 | D:1      | Reached XP level 2. HP: 18/27 MP: 1/1
   578 | D:1      | Reached skill level 4 in Maces & Flails
   983 | D:3      | Reached skill level 4 in Fighting
  1017 | D:2      | Found a stormy altar of Qazlal.
  1276 | D:2      | Reached ** piety under Trog
  1393 | D:2      | Noticed Sigmund
  1404 | D:2      | Killed Sigmund
  1404 | D:2      | Reached skill level 5 in Fighting
  1404 | D:2      | Reached skill level 5 in Maces & Flails
  1404 | D:2      | Reached skill level 3 in Armour
  1404 | D:2      | Reached skill level 3 in Dodging
  1404 | D:2      | Reached XP level 3. HP: 36/36 MP: 2/2
  1404 | D:2      | Reached XP level 4. HP: 42/42 MP: 3/3
  1404 | D:2      | Reached XP level 5. HP: 48/48 MP: 4/4
  1668 | D:2      | Found a blossoming altar of Fedhas.
  1671 | D:2      | Found a glowing silver altar of Zin.
  1840 | D:2      | Found an ancient bone altar of Kikubaaqudgha.
  1841 | D:2      | Found an iron altar of Okawaru.
  2299 | D:3      | Reached XP level 6. HP: 53/56 MP: 5/5
  2516 | D:3      | Found a white marble altar of Elyvilon.
  2905 | D:3      | Reached *** piety under Trog
  3123 | D:3      | Noticed Natasha
  3128 | D:3      | Killed Natasha
  3161 | D:3      | Noticed Natasha
  3166 | D:3      | Killed Natasha
  3250 | D:5      | Entered Level 5 of the Dungeon
  3263 | D:4      | Found a sparkling altar of Nemelex Xobeh.
  3276 | D:5      | Reached skill level 6 in Maces & Flails
  3276 | D:5      | Reached skill level 4 in Armour
  3300 | D:4      | Found a snail-covered altar of Cheibriados.
  3365 | D:5      | Reached skill level 6 in Fighting
  3473 | D:4      | Found a staircase to the Ecumenical Temple.
  3484 | Temple   | Entered the Ecumenical Temple
  3778 | D:3      | Noticed Natasha
  3786 | D:3      | Killed Natasha
  4496 | D:5      | Reached XP level 7. HP: 63/63 MP: 6/6
  4511 | D:6      | Found Corraacw's Book Boutique.
  4585 | D:6      | Found a glowing drain.
  4604 | Sewer    | Entered a sewer
  4669 | Sewer    | Reached skill level 4 in Dodging
  4852 | Sewer    | Reached skill level 7 in Maces & Flails
  5305 | Sewer    | Reached skill level 5 in Armour
  5360 | Sewer    | Reached skill level 7 in Fighting
  5435 | Sewer    | Reached **** piety under Trog
  5579 | D:5      | Reached XP level 8. HP: 70/73 MP: 7/7
  5759 | D:5      | Noticed Duvessa
  5759 | D:5      | Noticed Dowan
  5772 | D:5      | Killed Duvessa
  5782 | D:5      | Killed Dowan
  5782 | D:5      | Reached skill level 6 in Armour
  5901 | D:5      | Reached skill level 8 in Maces & Flails
  6147 | D:6      | Reached skill level 8 in Fighting
  6240 | D:6      | Got a fabulously ornate robe
  6251 | D:6      | Identified the cursed +1 robe "Ruroam" {rCorr Str+3} (You found it on level 6 of the Dungeon)
  6669 | D:6      | Found a sacrificial altar of Ru.
  6807 | D:6      | Found a shadowy altar of Dithmenos.
  6866 | D:7      | Reached skill level 7 in Armour
  6884 | D:7      | Gained mutation: Your skin changes colour to match your surroundings (Stealth). [mutagenic meat]
  6923 | D:7      | Noticed Prince Ribbit
  6929 | D:7      | HP: 13/75 [Prince Ribbit (9)]
  7224 | D:7      | Reached skill level 9 in Maces & Flails
  7254 | D:7      | Noticed Joseph
  7264 | D:7      | HP: 15/75 [Joseph/wand of lightning (34)]
  7265 | D:7      | Killed from afar by Joseph

Action                   |  1- 3 |  4- 6 |  7- 9 || total
-------------------------+-------+-------+-------++-------
Melee: Mace              |    49 |   102 |       ||   151
       Flail             |       |    53 |   245 ||   298
Throw: Throwing net      |       |       |     9 ||     9
Invok: Trog's Hand       |     1 |     6 |     3 ||    10
       Berserk           |     1 |       |     2 ||     3
  Use: Scroll            |       |     7 |     2 ||     9
       Potion            |       |     4 |     1 ||     5
 Stab: Held in net/web   |       |       |     1 ||     1
       Sleeping          |       |       |     1 ||     1
  Eat: Chunk             |     1 |    12 |    13 ||    26

Vault maps used:
D:1:      lemuel_arrival_hallway
D:2:      nicolae_overflow_hidden_temple, uniq_sigmund
D:3:      elyvilon_altar_4, uniq_natasha
D:4:      cheibriados_altar_1, nemelex_xobeh_ov_fountains_minmay,
          minmay_temple_entry_grid, first_bread
D:5:      uniq_duvessa
D:6:      overflow_temple_1_default, lemuel_coloured_pillars_altar,
          gup_sewer_entry_pipe, serial_shops, nicolae_shop_trees
D:7:      basic_altar, minmay_misc_feat_alley, uniq_prince_ribbit1,
          uniq_menkaure, uniq_joseph
Temple:   jpeg_temple_clearing_9
Sewer:    sewer_co_tree

Table legend:
 A = Turns spent in this place as a percentage of turns spent in the entire game.
 B = Non-inter-level travel turns spent in this place as a percentage of non-inter-level travel turns spent in the entire game.
 C = Inter-level travel turns spent in this place as a percentage of turns spent in this place.
 D = Turns resting spent in this place as a percentage of non-inter-level travel turns spent in this place.
 E = Turns spent auto-exploring this place as a percentage of non-inter-level travel turns spent in this place.
 F = Non-inter-level travel turns spent in this place divided by the number of levels of this place that you've seen.
                   A       B       C       D       E      F
               +-------+-------+-------+-------+-------+----------------------
         Total | 100.0 | 100.0 |   3.2 |   3.3 |  11.6 | 177.0
       Dungeon |  82.8 |  82.3 |   3.7 |   3.4 |  11.6 | 187.3
        Temple |   1.6 |   1.6 |   3.8 |   0.0 |  32.0 |  25.0
         Sewer |  15.6 |  16.1 |   0.0 |   3.1 |   9.3 | 257.0
               +-------+-------+-------+-------+-------+----------------------

Table legend:
 A = Kills in this place as a percentage of kills in entire the game.
 B = Kills by you in this place as a percentage of kills by you in the entire game.
 C = Kills by friends in this place as a percentage of kills by friends in the entire game.
 D = Other kills in this place as a percentage of other kills in the entire game.
 E = Experience gained in this place as a percentage of experience gained in the entire game.
 F = Experience gained in this place divided by the number of levels of this place that you have seen.
                   A       B       C       D       E      F
               +-------+-------+-------+-------+-------+----------------------
         Total | 100.0 | 100.0 |  -nan |  -nan | 100.0 | 297.3
       Dungeon |  82.2 |  82.2 |  -nan |  -nan |  79.6 | 304.1
         Sewer |  17.8 |  17.8 |  -nan |  -nan |  20.4 | 547.0
               +-------+-------+-------+-------+-------+----------------------
